[Event "Titled Tuesday Blitz August 08 Early 2023"]
[White "Cherniaiev, Tykhon"]
[Black "Hrbek, Stepan"]
[WhiteFideId "14182360"]
[BlackFideId "393479"]
[WhiteElo "2771"]
[BlackElo "2428"]
[Result "1-0"]
[Round "1"]
[TimeControl "180+1"]
[Date "2023.08.08"]
[WhiteClock "0:01:05"]
[BlackClock "0:00:00"]
[Board "92"]

1. Nf3 c5 2. c4 Nc6 3. Nc3 Nf6 4. g3 d5 5. cxd5 Nxd5 6. Bg2 Nc7 7. O-O e5 8. d3 Be7 9. Be3 O-O 10. Rc1 Bd7 11. a3 Rc8 12. Nd2 b6 13. Nc4 f6 14. b4 cxb4 15. axb4 Nxb4 16. Qb3 Kh8 17. Ra1 Be6 18. Qa4 Ncd5 19. Nxd5 Bxd5 20. Qxa7 Bxg2 21. Kxg2 Nc2 22. Rab1 Nxe3+ 23. fxe3 Bc5 24. Qb7 Rb8 25. Qc6 Rc8 26. Qe4 Ra8 27. Rb2 Qc7 28. Rfb1 Rae8 29. Nxb6 f5 30. Nd5 Qd6 31. Qc4 e4 32. d4 Ba3 33. Rb6 Qd7 34. Rb7 Rc8 35. Qb3 Qd6 36. Rb6 1-0


[Site "https://www.chess.com"]

[Event "Titled Tuesday Blitz August 08 Early 2023"]
[White "Begunov, Konstantin"]
[Black "Srihari L R"]
[WhiteFideId "4118510"]
[BlackFideId "46617116"]
[WhiteElo "2427"]
[BlackElo "2770"]
[Result "0-1"]
[Round "1"]
[TimeControl "180+1"]
[Date "2023.08.08"]
[WhiteClock "0:00:09"]
[BlackClock "0:00:31"]
[Board "93"]

1. d4 Nf6 2. c4 b6 3. Nc3 Bb7 4. Bg5 g6 5. f3 Bg7 6. e4 d6 7. Qd2 h6 8. Be3 Nbd7 9. Bd3 e5 10. d5 Nh5 11. Nge2 Nc5 12. Bc2 a5 13. g4 Nf6 14. O-O-O h5 15. h3 Qe7 16. Bg5 O-O-O 17. Ng3 h4 18. Nge2 Kb8 19. Kb1 Rdf8 20. Nc1 Qe8 21. Qf2 Nfd7 22. Bxh4 f5 23. Bg5 fxe4 24. Nxe4 Nxe4 25. Bxe4 Nc5 26. Qc2 Nxe4 27. fxe4 Bc8 28. Nd3 Rf3 29. Qg2 Rf7 30. Rdf1 Rxf1+ 31. Rxf1 Ba6 32. b3 b5 33. Nb2 a4 34. Kc2 bxc4 35. Nxc4 axb3+ 36. axb3 Bxc4 37. bxc4 Qa4+ 38. Kb1 Qxc4 39. Qb2+ Kc8 40. Re1 Rxh3 41. Rc1 Qxe4+ 42. Ka2 Qxd5+ 43. Ka1 Rb3 44. Qc2 Qd4+ 45. Ka2 Qa4# 0-1


[Site "https://www.chess.com"]

[Event "Titled Tuesday Blitz August 08 Early 2023"]
[White "Mahdavi, Reza"]
[Black "WindWhistler11"]
[WhiteFideId "12595926"]
[WhiteElo "2766"]
[BlackElo "2427"]
[Result "0-1"]
[Round "1"]
[TimeControl "180+1"]
[Date "2023.08.08"]
[WhiteClock "0:00:20"]
[BlackClock "0:00:30"]
[Board "94"]

1. e4 e6 2. d4 d5 3. Nd2 Nc6 4. Ngf3 Nf6 5. e5 Nd7 6. Bd3 f6 7. exf6 Qxf6 8. Nf1 Bd6 9. Ne3 Qf7 10. O-O h6 11. c3 e5 12. dxe5 Ndxe5 13. Nxe5 Nxe5 14. Nxd5 Bg4 15. Qa4+ Bd7 16. Qe4 O-O-O 17. Bc2 Kb8 18. Ne3 Bc6 19. Qf5 Qe7 20. Qh3 Rhf8 21. Nf5 Qe6 22. Nxd6 Qxh3 23. gxh3 Nf3+ 24. Kh1 Rxd6 25. Bb3 0-1


[Site "https://www.chess.com"]

[Event "Titled Tuesday Blitz August 08 Early 2023"]
[White "Gutkin, Ilya"]
[Black "Aradhya, Garg"]
[WhiteFideId "16203470"]
[BlackFideId "25006746"]
[WhiteElo "2427"]
[BlackElo "2765"]
[Result "0-1"]
[Round "1"]
[TimeControl "180+1"]
[Date "2023.08.08"]
[WhiteClock "0:00:02"]
[BlackClock "0:00:29"]
[Board "95"]

1. e4 e5 2. Nf3 Nc6 3. Bb5 a6 4. Ba4 Nge7 5. O-O Ng6 6. c3 d5 7. exd5 Qxd5 8. Bb3 Qd3 9. Bc2 Qd6 10. d4 Be6 11. dxe5 Qxd1 12. Rxd1 Ngxe5 13. Nxe5 Nxe5 14. Bf4 Bd6 15. Re1 Nf3+ 16. gxf3 Bxf4 17. Bb3 O-O-O 18. Bxe6+ fxe6 19. Na3 Rd5 20. Rxe6 Rg5+ 21. Kh1 Rh5 22. Rae1 Bxh2 23. Kg2 Bf4 24. R1e4 Rf8 25. Nc4 Rg5+ 26. Kf1 b5 27. Na5 Bd6 28. Ke2 Rgf5 29. Re3 Kd7 30. R6e4 h5 31. Nb3 c5 32. c4 b4 33. Rd3 R8f6 34. Rd5 Rxd5 35. cxd5 Rf5 36. Nd2 Rxd5 37. Nc4 Bc7 38. f4 Rd4 39. Rxd4+ cxd4 40. Kf3 Kc6 41. Ke4 h4 42. Nd2 h3 43. Nf3 d3 44. Kxd3 Bxf4 45. Ke4 h2 46. Nxh2 Bxh2 47. b3 Kc5 48. Kf5 Kd4 49. Kg6 Be5 50. Kf7 Kc3 51. f4 Bxf4 52. Kxg7 Kb2 53. Kf6 Kxa2 0-1


[Site "https://www.chess.com"]

[Event "Titled Tuesday Blitz August 08 Early 2023"]
[White "Gan-Od, Sereenen"]
[Black "a-z30"]
[WhiteFideId "4901304"]
[WhiteElo "2764"]
[BlackElo "2426"]
[Result "1-0"]
[Round "1"]
[TimeControl "180+1"]
[Date "2023.08.08"]
[WhiteClock "0:01:08"]
[BlackClock "0:00:00"]
[Board "96"]

1. c4 e6 2. Nf3 d5 3. g3 Nf6 4. Bg2 c5 5. O-O Nc6 6. d3 Be7 7. Bg5 O-O 8. Nc3 h6 9. Bf4 b6 10. Ne5 Nxe5 11. Bxe5 Bb7 12. Qb3 dxc4 13. dxc4 Bxg2 14. Kxg2 Qd7 15. Qb5 Qb7+ 16. f3 Rfd8 17. Rfd1 Ng4 18. Bf4 Bg5 19. h3 Ne3+ 20. Bxe3 Bxe3 21. Qb3 Bd4 22. Rd3 Bxc3 23. Qxc3 Rd7 24. Rad1 Rad8 25. Kf2 Qc6 26. b3 Rd6 27. Qe5 Rxd3 28. Rxd3 Rxd3 29. exd3 Qd7 30. Ke2 Kf8 31. g4 Kg8 32. h4 Qe7 33. g5 hxg5 34. hxg5 g6 35. a4 a5 36. f4 Qd8 37. Ke3 Kh7 38. d4 cxd4+ 39. Qxd4 Qc7 40. Qf6 Qc5+ 41. Kd3 Qd6+ 42. Qd4 Qc7 43. Ke3 Qc5 44. Qxc5 bxc5 45. b4 1-0


[Site "https://www.chess.com"]

[Event "Titled Tuesday Blitz August 08 Early 2023"]
[White "Swicarz, Maciej"]
[Black "Mekhitarian, Krikor Sevag"]
[WhiteFideId "1113585"]
[BlackFideId "2107660"]
[WhiteElo "2424"]
[BlackElo "2762"]
[Result "0-1"]
[Round "1"]
[TimeControl "180+1"]
[Date "2023.08.08"]
[WhiteClock "0:00:00"]
[BlackClock "0:00:05"]
[Board "97"]

1. c4 c5 2. Nf3 Nc6 3. Nc3 e5 4. e3 Nf6 5. d4 e4 6. Ng5 cxd4 7. exd4 Bb4 8. d5 Ne5 9. Qd4 d6 10. Nxe4 Nxe4 11. Qxe4 O-O 12. Be2 Re8 13. O-O Bc5 14. Qc2 Qh4 15. Na4 Bd4 16. Be3 Bxe3 17. fxe3 Bd7 18. Rf4 Qg5 19. Nc3 Ng6 20. Rf3 Rxe3 21. Qd2 Re5 22. Qxg5 Rxg5 23. Raf1 f6 24. Re3 Re5 25. Rxe5 Nxe5 26. Ne4 Nf7 27. Bh5 Ne5 28. Nxd6 b6 29. b3 Kf8 30. Bd1 Ke7 31. Ne4 f5 32. Ng3 g6 33. Bc2 Kd6 34. Re1 a5 35. Kf2 Rc8 36. Bb1 b5 37. cxb5 Bxb5 38. Rd1 Rc3 39. h3 h5 40. Ne2 Bxe2 41. Kxe2 h4 42. Kf2 Nd7 43. Bd3 Nf6 44. Rd2 Ke5 45. Ke2 Nxd5 46. Bc4 Nf4+ 47. Kf2 Rg3 48. Kf1 g5 49. Rf2 Kd4 50. Rd2+ Kc3 51. Rf2 Re3 52. Bf7 Nd3 53. Re2 Rg3 54. Bc4 Nf4 55. Rf2 a4 56. Bf7 a3 57. Bg8 Kb4 58. Bf7 Rc3 59. Rd2 Rc1+ 60. Kf2 Kc3 61. Rd8 Rc2+ 62. Kf3 Rxa2 63. b4 Rb2 64. Ra8 Kxb4 65. Rb8+ Kc5 66. Ra8 Kb4 67. Rb8+ Kc3 68. Ra8 Kd2 69. Rxa3 Ke1 70. Rb3 Rf2+ 71. Ke3 Nxg2+ 72. Kd3 Rf3+ 73. Kd4 Rxb3 74. Bxb3 Kf2 75. Ke5 Ne3 76. Be6 Kg3 77. Bxf5 Nxf5 78. Kxf5 Kxh3 79. Kxg5 Kg3 0-1


[Site "https://www.chess.com"]

[Event "Titled Tuesday Blitz August 08 Early 2023"]
[White "Adewumi, Tanitoluwa"]
[Black "Toktomushev, Teimur"]
[WhiteFideId "30966396"]
[BlackFideId "14176726"]
[WhiteElo "2758"]
[BlackElo "2423"]
[Result "1-0"]
[Round "1"]
[TimeControl "180+1"]
[Date "2023.08.08"]
[WhiteClock "0:00:54"]
[BlackClock "0:00:02"]
[Board "98"]

1. e4 c5 2. Nf3 e6 3. c3 d5 4. exd5 Qxd5 5. d4 Nf6 6. Na3 Nc6 7. Be3 cxd4 8. Nb5 Qd8 9. Nbxd4 Nd5 10. Bd3 Nxe3 11. fxe3 g6 12. O-O Bh6 13. Qe2 O-O 14. Be4 Qb6 15. Nxc6 Qxe3+ 16. Qxe3 Bxe3+ 17. Kh1 bxc6 18. Bxc6 Rb8 19. b3 Bh6 20. c4 Bg7 21. Rad1 Bb7 22. Bxb7 Rxb7 23. g3 a5 24. Ng5 a4 25. Rd3 Rfb8 26. Rdf3 axb3 27. axb3 Rxb3 28. Rxf7 R8b7 29. Rxb7 Rxb7 30. Nxe6 Be5 31. Rf8# 1-0


[Site "https://www.chess.com"]

[Event "Titled Tuesday Blitz August 08 Early 2023"]
[White "Rom, Jasper"]
[Black "Kumsiashvili, Nikoloz"]
[WhiteFideId "2023733"]
[BlackFideId "13600621"]
[WhiteElo "2423"]
[BlackElo "2755"]
[Result "0-1"]
[Round "1"]
[TimeControl "180+1"]
[Date "2023.08.08"]
[WhiteClock "0:00:00"]
[BlackClock "0:00:18"]
[Board "99"]

1. e4 c5 2. Nc3 Nc6 3. f4 a6 4. g3 e6 5. Bg2 d6 6. Nh3 Nf6 7. O-O Be7 8. d3 d5 9. Nf2 O-O 10. g4 dxe4 11. dxe4 Qxd1 12. Rxd1 Nd4 13. Rd2 Nd7 14. Ne2 e5 15. Nxd4 cxd4 16. fxe5 Nxe5 17. h3 Rd8 18. Nd3 Nc4 19. Re2 Be6 20. Nf4 Rac8 21. e5 Rc7 22. Nxe6 fxe6 23. b3 Ne3 24. Bxe3 dxe3 25. Be4 Bg5 26. Kg2 Bf4 27. Rf1 g5 28. h4 h6 29. hxg5 hxg5 30. Rh1 b5 31. Rh6 Rd2 32. Kf3 Rcd7 33. Rg6+ Kf8 34. Bd3 Rd1 35. Rxe6 Rf7 36. Ke4 Rd2 37. Rxa6 Rd7 38. e6 R7xd3 39. cxd3 Rxe2 40. Kf5 Rf2 0-1


[Site "https://www.chess.com"]

[Event "Titled Tuesday Blitz August 08 Early 2023"]
[White "Wagner, Dennis"]
[Black "szachmistrz2500"]
[WhiteFideId "24650684"]
[WhiteElo "2754"]
[BlackElo "2423"]
[Result "0-1"]
[Round "1"]
[TimeControl "180+1"]
[Date "2023.08.08"]
[WhiteClock "0:00:00"]
[BlackClock "0:00:08"]
[Board "100"]

1. d4 d5 2. c4 e6 3. Nf3 Nf6 4. g3 Be7 5. Bg2 dxc4 6. Qa4+ Nbd7 7. Qxc4 a6 8. Qc2 O-O 9. O-O c5 10. Rd1 cxd4 11. Nxd4 Bc5 12. Nc3 Qe7 13. h3 h6 14. Be3 Ba7 15. Rac1 Ne5 16. Qb3 Bd7 17. Qxb7 Rfb8 18. Qxa8 Rxa8 19. Bxa8 Nc4 20. Nf5 exf5 21. Bxa7 f4 22. g4 Nxb2 23. Rd4 g5 24. Bb6 h5 25. Rc2 hxg4 26. Rxb2 gxh3 27. Bc7 Qa3 28. Rb8+ Kh7 29. Ne4 Qc1+ 30. Kh2 Qxc7 31. Nxf6+ Kg6 32. Nxd7 f3+ 33. Kxh3 fxe2 34. Rg8+ Kf5 35. Be4+ Kf4 36. Bg2+ Kf5 37. Re8 Qc3+ 38. Kh2 Qxd4 39. Rxe2 Qd6+ 40. Kg1 Qxd7 41. Re3 g4 42. a3 Qd1+ 43. Kh2 Qd6+ 44. Kg1 Kg5 45. Be4 f5 46. Bxf5 Kxf5 47. Kg2 Kf4 48. Kg1 Qd2 49. Kg2 Qd5+ 50. Kg1 a5 51. Rg3 a4 52. Re3 Qb3 0-1


[Site "https://www.chess.com"]

[Event "Titled Tuesday Blitz August 08 Early 2023"]
[White "FREDERICKtheMATE"]
[Black "Lamaze, Simon"]
[BlackFideId "36069264"]
[WhiteElo "2422"]
[BlackElo "2753"]
[Result "1/2-1/2"]
[Round "1"]
[TimeControl "180+1"]
[Date "2023.08.08"]
[WhiteClock "0:01:41"]
[BlackClock "0:02:14"]
[Board "101"]

1. Nf3 d5 2. g3 Nf6 3. Bg2 e6 4. O-O Be7 5. b3 O-O 6. Bb2 c5 7. e3 Nc6 8. c4 d4 9. exd4 cxd4 10. Re1 a5 11. d3 a4 12. Nbd2 a3 13. Bc1 Bb4 14. Rb1 Ra5 15. Re2 h6 16. Ne4 e5 17. Nxf6+ Qxf6 18. Bd2 Bxd2 19. Qxd2 Bg4 20. b4 Raa8 21. b5 Bxf3 22. Bxf3 Qxf3 23. bxc6 bxc6 24. Rxe5 Rab8 25. Ree1 Rxb1 26. Rxb1 Re8 27. Re1 Rxe1+ 28. Qxe1 Qxd3 29. Qe8+ Kh7 30. Qxc6 Qe2 31. Qd5 d3 32. Qf5+ Kg8 33. Qc8+ Kh7 34. Qf5+ Kh8 35. Qc8+ 1/2-1/2


[Site "https://www.chess.com"]

[Event "Titled Tuesday Blitz August 08 Early 2023"]
[White "Tanenbaum, Zachary"]
[Black "Rangel, Daniel"]
[WhiteFideId "2060850"]
[BlackFideId "2124475"]
[WhiteElo "2752"]
[BlackElo "2422"]
[Result "1-0"]
[Round "1"]
[TimeControl "180+1"]
[Date "2023.08.08"]
[WhiteClock "0:00:18"]
[BlackClock "0:00:02"]
[Board "102"]

1. e4 c5 2. Nf3 g6 3. d4 cxd4 4. Qxd4 Nf6 5. e5 Nc6 6. Qa4 Nd5 7. Qb3 Nb6 8. Bf4 Bg7 9. Nc3 O-O 10. O-O-O a5 11. Be3 Nb4 12. a3 d6 13. axb4 Be6 14. Qa3 axb4 15. Qxb4 Ra1+ 16. Kd2 dxe5+ 17. Bd3 Rxd1+ 18. Rxd1 Nc4+ 19. Ke2 Nxe3 20. fxe3 Qc7 21. Be4 Bc4+ 22. Kf2 Ba6 23. Nd5 Qb8 24. Nxe7+ Kh8 25. Rd7 f5 26. Bxb7 e4 27. Nc6 Qe8 28. Re7 exf3 29. Rxe8 Rxe8 30. Bxa6 fxg2 31. Kxg2 h5 32. Ne7 Kh7 33. Qd6 Rf8 34. Qxg6+ Kh8 35. Qxh5+ Bh6 36. Qxh6# 1-0


[Site "https://www.chess.com"]

[Event "Titled Tuesday Blitz August 08 Early 2023"]
[White "Bogaudinov, Rushan"]
[Black "Zhao, Jun"]
[WhiteFideId "4129288"]
[BlackFideId "8602522"]
[WhiteElo "2419"]
[BlackElo "2751"]
[Result "0-1"]
[Round "1"]
[TimeControl "180+1"]
[Date "2023.08.08"]
[WhiteClock "0:00:40"]
[BlackClock "0:01:00"]
[Board "103"]

1. e4 c6 2. d4 d5 3. e5 Bf5 4. c4 e6 5. Nc3 Ne7 6. a3 h6 7. c5 Nd7 8. b4 g5 9. h4 g4 10. h5 f6 11. exf6 Nxf6 12. Nge2 Bg7 13. Be3 O-O 14. Ng3 Qc7 15. Qd2 e5 16. Bxh6 Bxh6 17. Qxh6 exd4 18. Qg5+ Kh8 19. h6 Bg6 20. Nce2 d3 21. Nf4 Nh7 22. Nxg6+ Nxg6 23. Qxg6 Qe5+ 24. Kd2 Rxf2+ 25. Kxd3 Qxg3+ 26. Kd4 Rf4+ 27. Ke5 Re4+ 0-1


[Site "https://www.chess.com"]

[Event "Titled Tuesday Blitz August 08 Early 2023"]
[White "Skvortsov, Andrei"]
[Black "Khromkin, Andrey"]
[WhiteFideId "24108600"]
[BlackFideId "4154126"]
[WhiteElo "2749"]
[BlackElo "2417"]
[Result "1-0"]
[Round "1"]
[TimeControl "180+1"]
[Date "2023.08.08"]
[WhiteClock "0:01:22"]
[BlackClock "0:00:00"]
[Board "104"]

1. e4 c5 2. d4 cxd4 3. Qxd4 Nc6 4. Qd3 g6 5. Nf3 Bg7 6. Nc3 Nf6 7. Be2 O-O 8. O-O d6 9. Nd5 Be6 10. c3 Ng4 11. Bg5 Nge5 12. Nxe5 Bxd5 13. exd5 Nxe5 14. Qe3 Re8 15. a4 Qb6 16. Bb5 Qxe3 17. fxe3 h6 18. Bxe8 hxg5 19. Bb5 f5 20. Ra3 g4 21. Be2 Bh6 22. Kf2 g5 23. Rb3 Rb8 24. h3 gxh3 25. gxh3 Kf7 26. Rb4 Kf6 27. Kg3 f4+ 28. exf4 gxf4+ 29. Rfxf4+ Bxf4+ 30. Rxf4+ Kg7 31. h4 Ng6 32. Rg4 Kh6 33. Rc4 Rg8 34. Kf2 Rg7 35. Rc7 Nxh4 36. Rxb7 Rg2+ 37. Ke1 Nf5 38. Bf1 Rh2 39. Bd3 Ng3 40. b4 Rh1+ 41. Kf2 Nh5 42. Rxe7 Nf4 43. Bf1 Nxd5 44. Re6+ Kg5 45. Bg2 Nf4 46. Bxh1 Nxe6 47. Ke3 Kf6 48. Ke4 Nc7 49. Kd4 Ke7 50. Bc6 Kd8 51. Ke4 Na6 52. Kd5 Kc7 53. Bb5 Nb8 54. a5 a6 55. Ba4 1-0


[Site "https://www.chess.com"]

[Event "Titled Tuesday Blitz August 08 Early 2023"]
[White "Cheer_Down"]
[Black "Nazari, Arad"]
[BlackFideId "12577324"]
[WhiteElo "2415"]
[BlackElo "2749"]
[Result "0-1"]
[Round "1"]
[TimeControl "180+1"]
[Date "2023.08.08"]
[WhiteClock "0:01:11"]
[BlackClock "0:00:23"]
[Board "105"]

1. e4 c5 2. Nf3 d6 3. Bb5+ Nd7 4. O-O a6 5. Bd3 g6 6. c3 Bg7 7. Re1 Ngf6 8. Bc2 O-O 9. d4 e5 10. dxe5 Nxe5 11. Nxe5 dxe5 12. Qxd8 Rxd8 13. Be3 b6 14. f3 Be6 15. Nd2 Ne8 16. Bb3 Rd3 17. Bxe6 fxe6 18. Kf1 Rad8 19. Rad1 c4 20. Ke2 b5 21. Nb1 Bf8 22. Rd2 Rxe3+ 23. Kxe3 Bh6+ 24. Ke2 Bxd2 25. Nxd2 Nd6 26. a4 Nb7 27. axb5 axb5 28. Ra1 Nc5 29. Ra5 Rxd2+ 30. Kxd2 Nb3+ 0-1


[Site "https://www.chess.com"]

[Event "Titled Tuesday Blitz August 08 Early 2023"]
[White "Panchenko, Dmitry"]
[Black "Avazkhonov, Alikhon"]
[WhiteFideId "4169158"]
[BlackFideId "14208504"]
[WhiteElo "2744"]
[BlackElo "2414"]
[Result "1-0"]
[Round "1"]
[TimeControl "180+1"]
[Date "2023.08.08"]
[WhiteClock "0:00:11"]
[BlackClock "0:00:00"]
[Board "106"]

1. e4 c5 2. Nf3 d6 3. d4 cxd4 4. Nxd4 Nf6 5. Nc3 a6 6. Be3 e5 7. Nde2 b5 8. Nd5 Nbd7 9. Nec3 Bb7 10. f3 Rc8 11. a4 Nxd5 12. Nxd5 bxa4 13. Rxa4 Nc5 14. Bxc5 Rxc5 15. Bxa6 Bxd5 16. exd5 Qb6 17. c4 Be7 18. Bb5+ Rxb5 19. cxb5 O-O 20. Qd3 Rc8 21. Ke2 g6 22. Rc4 Ra8 23. Rc6 Qa5 24. Rhc1 Kg7 25. b6 Qb4 26. R1c2 Ra2 27. Qc4 Rxb2 28. Qxb4 Rxb4 29. Rc7 Bd8 30. Rd7 Bxb6 31. Rxd6 Bd4 32. Rd7 g5 33. d6 Kg6 34. Rdc7 1-0


[Site "https://www.chess.com"]

[Event "Titled Tuesday Blitz August 08 Early 2023"]
[White "Molina Carretero, Daniel"]
[Black "Trost, Edvin"]
[WhiteFideId "32071914"]
[BlackFideId "1729519"]
[WhiteElo "2414"]
[BlackElo "2743"]
[Result "0-1"]
[Round "1"]
[TimeControl "180+1"]
[Date "2023.08.08"]
[WhiteClock "0:00:00"]
[BlackClock "0:00:02"]
[Board "107"]

1. c4 Nf6 2. g3 c5 3. Bg2 d5 4. cxd5 Nxd5 5. Nc3 Nc7 6. Qa4+ Bd7 7. Qb3 Bc6 8. Bxc6+ Nxc6 9. Qxb7 Nd4 10. Qe4 f5 11. Qb1 g6 12. d3 Bg7 13. Be3 O-O 14. Nf3 e5 15. O-O f4 16. Bxd4 cxd4 17. Ne4 fxg3 18. hxg3 Nd5 19. b4 Rb8 20. a3 h5 21. Qb3 Kh8 22. Kg2 a5 23. b5 Qd7 24. a4 Rbd8 25. Rh1 Qg4 26. Rh4 Qe6 27. Nc5 Qf7 28. Rah1 Rc8 29. Qa3 Qe7 30. Rc1 Nc3 31. b6 Qxc5 32. Qxc5 Rxc5 33. e3 Nxa4 34. Rb1 Rb8 35. exd4 exd4 36. b7 Nc3 37. Rb6 Rc7 38. Nxd4 Rcxb7 39. Rxg6 Kh7 40. Ra6 Bxd4 41. Rxd4 Rb5 42. Rd7+ Kg8 43. Rg6+ Kf8 44. Rh6 Rg5 45. Rh8+ Rg8 46. Rxh5 Ra8 47. Re5 a4 48. Re1 a3 49. Ra1 a2 50. Rc7 Nb1 51. Rc2 Rg5 52. Rcxa2 Rxa2 53. Rxa2 Nc3 54. Rc2 Nd5 55. Re2 Rf5 56. f4 Nc3 57. Re6 Ra5 58. Kf3 Kf7 59. Re1 Ra3 60. g4 Nb5 61. Ke4 Ra7 62. Kf3 Rd7 63. Rd1 Nc3 64. Rd2 Ke6 65. f5+ Ke5 66. Ke3 Nd5+ 67. Kf3 Kd4 68. Re2 Nc3 69. Re6 Rf7 70. Kf4 Nd5+ 71. Kf3 Kxd3 72. Rd6 Kd4 73. Rd8 Ke5 74. Kg3 Ra7 75. Kh4 Ne7 76. Re8 Kf6 0-1


[Site "https://www.chess.com"]

[Event "Titled Tuesday Blitz August 08 Early 2023"]
[White "Lorparizangeneh, Shahin"]
[Black "Escudero Donoso, Felipe"]
[WhiteFideId "12521604"]
[BlackFideId "3410595"]
[WhiteElo "2742"]
[BlackElo "2413"]
[Result "1-0"]
[Round "1"]
[TimeControl "180+1"]
[Date "2023.08.08"]
[WhiteClock "0:00:31"]
[BlackClock "0:00:00"]
[Board "108"]

1. e4 c5 2. Nf3 d6 3. d4 cxd4 4. Nxd4 Nf6 5. Nc3 a6 6. Bd3 Nc6 7. Nxc6 bxc6 8. O-O g6 9. b3 Bg7 10. Bb2 O-O 11. Qe2 Nd7 12. Rad1 Qa5 13. Na4 Bxb2 14. Nxb2 Ne5 15. a4 Be6 16. f4 Bg4 17. Qe3 Bxd1 18. fxe5 Bg4 19. exd6 exd6 20. Nc4 Qc5 21. Qxc5 dxc5 22. Nb6 Ra7 23. a5 Be6 24. Kf2 f5 25. Ke3 fxe4 26. Rxf8+ Kxf8 27. Bxe4 Re7 28. Kf4 Bd5 29. Bd3 Bxg2 30. Na4 Kg7 31. Nxc5 h6 32. h4 Bd5 33. Bxa6 Kf6 34. Bb7 g5+ 35. hxg5+ hxg5+ 36. Kg4 Ke5 37. a6 Kd6 38. a7 Re8 39. b4 Kc7 40. a8=Q Rxa8 41. Bxa8 Kb6 42. Kxg5 Kb5 43. Nd3 Kc4 44. Kf4 Kc3 45. b5 1-0


[Site "https://www.chess.com"]

[Event "Titled Tuesday Blitz August 08 Early 2023"]
[White "Kukreja Sankalp"]
[Black "Koellner, Ruben Gideon"]
[WhiteFideId "45027676"]
[BlackFideId "12993093"]
[WhiteElo "2412"]
[BlackElo "2742"]
[Result "1-0"]
[Round "1"]
[TimeControl "180+1"]
[Date "2023.08.08"]
[WhiteClock "0:00:25"]
[BlackClock "0:00:00"]
[Board "109"]

1. e4 d6 2. d4 Nf6 3. Nc3 e5 4. Nf3 Nbd7 5. Bc4 Be7 6. O-O c6 7. a4 h6 8. Re1 Qc7 9. Be3 Nf8 10. h3 g5 11. dxe5 dxe5 12. Nxe5 Qxe5 13. Bd4 Qf4 14. g3 Qc7 15. e5 Be6 16. exf6 Bd6 17. Bxe6 Nxe6 18. Rxe6+ fxe6 19. f7+ Kxf7 20. Qh5+ Ke7 21. Bxh8 Rxh8 22. Ne4 Be5 23. Rd1 Bg7 24. Qg6 Qe5 25. Nc5 Rd8 26. Rxd8 Kxd8 27. Nxe6+ 1-0


[Site "https://www.chess.com"]

[Event "Titled Tuesday Blitz August 08 Early 2023"]
[White "Hulka, Valentyn"]
[Black "Nikologorsky, Matfei"]
[WhiteFideId "34107061"]
[BlackFideId "24102474"]
[WhiteElo "2740"]
[BlackElo "2410"]
[Result "1-0"]
[Round "1"]
[TimeControl "180+1"]
[Date "2023.08.08"]
[WhiteClock "0:00:14"]
[BlackClock "0:00:00"]
[Board "110"]

1. e4 c5 2. Nf3 e6 3. g3 d5 4. exd5 exd5 5. d4 Nf6 6. Bg2 Nc6 7. O-O Be7 8. dxc5 O-O 9. Nbd2 Bxc5 10. Nb3 Bb6 11. Nbd4 Bg4 12. Be3 Qd7 13. Re1 Rfe8 14. c3 Ne4 15. Qa4 Nxd4 16. Qxd7 Nxf3+ 17. Bxf3 Bxd7 18. Rad1 Bc6 19. Bxb6 axb6 20. a3 Ng5 21. Rxe8+ Rxe8 22. Bxd5 Rd8 23. c4 Bxd5 24. cxd5 Rd6 25. Rc1 g6 26. Rc7 Rxd5 27. Rxb7 Rb5 28. b4 Nf3+ 29. Kf1 Nd2+ 30. Ke2 Nc4 31. Ra7 Rd5 32. a4 Rd2+ 33. Kf3 Ra2 34. Ra6 Kg7 35. h4 h5 36. Ke4 Rxf2 37. Kd3 Ne5+ 38. Kd4 Nc6+ 39. Kc4 Rc2+ 40. Kb5 Nd4+ 41. Kxb6 Nf5 42. b5 Nxg3 43. Ra8 Ne4 44. a5 Rb2 45. a6 Nd6 46. a7 Rxb5+ 47. Kc6 Ra5 48. Kxd6 f6 49. Kc6 g5 50. Kb6 Ra1 51. Rc8 1-0


[Site "https://www.chess.com"]

[Event "Titled Tuesday Blitz August 08 Early 2023"]
[White "Polaczek, Richard"]
[Black "Priasmoro, Novendra"]
[WhiteFideId "200026"]
[BlackFideId "7105029"]
[WhiteElo "2408"]
[BlackElo "2735"]
[Result "1/2-1/2"]
[Round "1"]
[TimeControl "180+1"]
[Date "2023.08.08"]
[WhiteClock "0:00:28"]
[BlackClock "0:00:15"]
[Board "111"]

1. d4 Nf6 2. c4 g6 3. Nc3 d5 4. cxd5 Nxd5 5. Bd2 Bg7 6. e4 Nxc3 7. Bxc3 c5 8. d5 Bxc3+ 9. bxc3 O-O 10. Bc4 Qa5 11. Qd2 b5 12. Bb3 c4 13. Bc2 e5 14. h4 f6 15. h5 g5 16. h6 Nd7 17. Nf3 Kh8 18. O-O Nc5 19. Qe3 Qb6 20. Rfb1 a5 21. Nd2 Ba6 22. Nxc4 Qc7 23. d6 Qc6 24. Nxe5 fxe5 25. Qxg5 Rf7 26. Qxe5+ Kg8 27. Qg5+ Kf8 28. Qe5 Kg8 29. Qg5+ Kf8 30. Qe5 Kg8 1/2-1/2


[Site "https://www.chess.com"]

[Event "Titled Tuesday Blitz August 08 Early 2023"]
[White "Kim, Yoon-Young"]
[Black "Xie, Bryan"]
[WhiteFideId "30908779"]
[BlackFideId "30941296"]
[WhiteElo "2734"]
[BlackElo "2406"]
[Result "1-0"]
[Round "1"]
[TimeControl "180+1"]
[Date "2023.08.08"]
[WhiteClock "0:00:07"]
[BlackClock "0:00:00"]
[Board "112"]

1. d4 Nf6 2. c4 e6 3. g3 d5 4. Bg2 Be7 5. Nf3 O-O 6. Qc2 a6 7. Nbd2 dxc4 8. Nxc4 c5 9. dxc5 Bxc5 10. O-O Nc6 11. Rd1 Qe7 12. Nce5 Nb4 13. Qb3 Nbd5 14. Nd3 Ba7 15. Bd2 b5 16. Rac1 Bb7 17. Nfe5 Rac8 18. Nb4 Bc5 19. Nbd3 Bd6 20. a4 bxa4 21. Qxa4 Rxc1 22. Rxc1 Rc8 23. Rxc8+ Bxc8 24. Nc4 Bc7 25. Qc6 Qd7 26. Qc5 Ne7 27. h3 h6 28. Bb4 Ned5 29. Bd2 Bb7 30. Kh2 Bb8 31. Nde5 Qd8 32. Ba5 Qe8 33. Nd6 Bxd6 34. Qxd6 Qb5 35. Bd2 Qd7 36. Nxd7 1-0


[Site "https://www.chess.com"]

[Event "Titled Tuesday Blitz August 08 Early 2023"]
[White "Dishman, Stephen"]
[Black "Prohaszka, Peter"]
[WhiteFideId "403024"]
[BlackFideId "726265"]
[WhiteElo "2406"]
[BlackElo "2733"]
[Result "0-1"]
[Round "1"]
[TimeControl "180+1"]
[Date "2023.08.08"]
[WhiteClock "0:00:04"]
[BlackClock "0:00:03"]
[Board "113"]

1. c4 e6 2. Nf3 d5 3. d4 Nf6 4. g3 Be7 5. Bg2 O-O 6. O-O c6 7. Qc2 b6 8. Nbd2 Bb7 9. e4 Na6 10. a3 Rc8 11. b4 c5 12. exd5 exd5 13. dxc5 bxc5 14. b5 Nc7 15. Ne5 Qd6 16. Bb2 Ba8 17. a4 Ne6 18. Nb3 Nd4 19. Nxd4 cxd4 20. Ba3 Qc7 21. Bxe7 Qxe7 22. Rfe1 Qc5 23. Rac1 Rfe8 24. Nc6 Rxe1+ 25. Rxe1 Bxc6 26. bxc6 Qxc6 27. Qf5 Qxc4 28. g4 h6 29. h4 Qc2 30. Qf4 d3 31. Bf3 d2 32. Rd1 Ne4 33. Bxe4 Qxd1+ 34. Kg2 dxe4 35. Qf5 Qc2 36. g5 hxg5 37. hxg5 d1=Q 38. g6 fxg6 39. Qe6+ Kf8 40. Qxc8+ Qxc8 41. Kg3 Qf3+ 42. Kh2 Qch3+ 0-1


[Site "https://www.chess.com"]